 Dungeon Crawl Stone Soup version 0.32-a0-960-g3814254bd7 (webtiles) character file.

Game seed: 625786477457387384

422 Ajdolov the Magician (level 6, -2/41 HPs)
             Began as a Mummy Ice Elementalist on Apr 17, 2024.
             Incinerated by a bombardier beetle (6 damage)
             ... with a burning spray
             ... on level 4 of the Dungeon.
             The game lasted 00:05:33 (3795 turns).

Ajdolov the Magician (Mummy Ice Elementalist)       Turns: 3795, Time: 00:05:33

Health: -2/41      AC:  8    Str: 11    XL:     6   Next: 63%
Magic:  19/24      EV: 11    Int: 17    God:
Gold:   275        SH:  0    Dex: 12    Spells: 10/17 levels left

rFire   x . .        p - +0 spear
rCold   + . .        (no shield)
rNeg    + + +        a - +0 robe
rPois   ∞            g - +0 helmet
rElec   .            (no cloak)
rCorr   .            (no gloves)
SInv    .            d - +0 pair of boots
Will    .....        (no amulet)
Stlth   +            c - +4 ring of protection
HPRegen 0.26/turn    h - ring of magical power
MPRegen 0.19/turn

%: faith
@: on fire, glowing
A: cold resistance 1, negative energy resistance 3, torment resistance 2, heat
vulnerability 1, in touch with death 1, no potions, faith
a: no special abilities


You were on level 4 of the Dungeon.
You visited 1 branch of the dungeon, and saw 4 of its levels.

You collected 275 gold pieces.

Inventory:

Hand Weapons
 p - a +0 spear (weapon)
Missiles
 j - 2 curare-tipped darts
Armour
 a - a +0 robe (worn)
 d - a +0 pair of boots (worn)
 g - a +0 helmet (worn)
Jewellery
 c - a +4 ring of protection (left hand)
 f - a ring of protection from fire
 h - a ring of magical power (right hand)
 r - an amulet of regeneration
Wands
 n - a wand of roots (7)
Scrolls
 b - 2 scrolls of enchant weapon {unknown}
 e - a scroll of poison {unknown}
 i - a scroll of noise {unknown}
 k - a scroll of summoning {unknown}
 l - a scroll of enchant armour {unknown}
 m - a scroll of blinking {unknown}
 o - a scroll of immolation {unknown}
 q - a scroll of teleportation {unknown}


   Skills:
 - Level 1.5 Dodging
 - Level 1.5 Stealth
 + Level 6.4 Spellcasting
 + Level 5.2 Ice Magic


You had 10 spell levels left.
You knew the following spells:

 Your Spells              Type           Power      Damage    Failure   Level
a - Freeze                Ice            92%        1d9       1%          1
b - Frozen Ramparts       Ice            46%        1d7       4%          3
c - Ozocubu's Armour      Ice            23%        N/A       4%          3

Your spell library contained the following spells:

 Spells                   Type           Power      Damage    Failure   Level
 Summon Ice Beast         Ice/Summ       14%        N/A       13%         3
 Fugue of the Fallen      Necr           8%         N/A       36%         3
 Inner Flame              Hex/Fire       5%         N/A       36%         3
 Flame Wave               Conj/Fire      5%         2d5       77%         4
 Sticky Flame             Fire/Alch      5%         2d4       77%         4
 Manifold Assault         Tloc           2%         N/A       100%        7


Dungeon Overview and Level Annotations

Branches:
Dungeon (4/15)
 Temple: D:4-7

Altars:
Dithmenos
Xom
Yredelemnul

Shops:
D:4 :(!

Annotations:
D:4 exclusions: lemure and 1 more exclusion


Innate Abilities, Weirdness & Mutations

You are immune to poison.
Your flesh is cold resistant. (rC+)
You are immune to negative energy. (rN+++)
You are immune to unholy pain and torment.
You are vulnerable to heat. (rF-)
You are in touch with the powers of death.
You do not drink.
You have a special connection with the divine. (Faith)


Message History

Unknown command.
You hit the bombardier beetle.
The bombardier beetle is moderately wounded.
You completely miss the bombardier beetle.
The bombardier beetle is moderately wounded.
The wall freezes the bombardier beetle.
The bombardier beetle sprays incendiary fluid at you.
The burning spray hits you.
You are covered in liquid fire!
The heat melts your icy armour.
You hit the bombardier beetle but do no damage.
The bombardier beetle is moderately wounded.
The liquid fire burns you!
The wall freezes the bombardier beetle!
The bombardier beetle sprays incendiary fluid at you.
The burning spray hits you.
You are even more covered in liquid fire!
The heat melts your icy armour.
Your icy armour cracks and falls away as you move.
The frozen ramparts melt away as you move.
You shake off some of the fire as you move.
The liquid fire burns you!
You shake off some of the fire as you move.
The liquid fire burns you!
The bombardier beetle sprays incendiary fluid at you.
The burning spray hits you.
You are even more covered in liquid fire!
You freeze the bombardier beetle!
You kill the bombardier beetle!
The liquid fire burns you!
Unknown command.
You shake off some of the fire as you move.
The liquid fire burns you!
* * * LOW HITPOINT WARNING * * *
You shake off some of the fire as you move.
The liquid fire burns you!
* * * LOW HITPOINT WARNING * * *
You shake off some of the fire as you move.
The liquid fire burns you!
You die...

#+###. ###∩#..
##.###.### ###
#.#...#.. ..#
#...#.# #.######.
#.#.# #.#...##.
#..## #.#.#.##.
#.## #.. #.... #@#
#.###...≈ #.#
#...#..≈. #.#
#.#.#†≈.. #.#
#.#†.≈..∩ #.#
#<##..≈.. #.#
#.##...≈. #.#
#.##....≈ #.#
####.##...##
#.#####....##.....


There were no monsters in sight!

Vanquished Creatures
  A scorpion (D:4)
  A howler monkey (D:4)
  2 bombardier beetles (D:4)
  A jelly (D:4)
  An orc priest (D:3)
  An orc wizard (D:2)
  4 gnolls (D:3)
  6 adders
  4 dart slugs
  2 ribbon worms
  3 orcs (D:3)
  6 endoplasms
  3 giant cockroaches
  13 goblins
  2 hobgoblins
  5 quokkas
  5 ball pythons
  8 bats
  4 frilled lizards
  5 kobolds
  5 rats
82 creatures vanquished.

Notes
Turn   | Place    | Note
-------+----------+-------------------------------------------
     0 | D:1      | Ajdolov the Mummy Ice Elementalist began the quest for the
                  | Orb.
     0 | D:1      | Reached XP level 1. HP: 13/13 MP: 4/4
    90 | D:1      | Reached skill level 3 in Spellcasting
   164 | D:1      | Reached XP level 2. HP: 14/19 MP: 1/6
   802 | D:1      | Reached XP level 3. HP: 24/24 MP: 4/8
   959 | D:1      | Learned a level 3 spell: Frozen Ramparts
   963 | D:1      | Learned a level 3 spell: Ozocubu's Armour
  1277 | D:2      | Reached skill level 4 in Spellcasting
  1998 | D:2      | Reached XP level 4. HP: 6/30 MP: 10/10
  2272 | D:3      | Reached XP level 5. HP: 35/35 MP: 12/12
  2285 | D:3      | Reached skill level 5 in Spellcasting
  2555 | D:3      | Found a basalt altar of Yredelemnul.
  2865 | D:3      | Found a shadowy altar of Dithmenos.
  2974 | D:4      | Found Fahisou's Antique Weapon Shoppe.
  3078 | D:4      | Reached XP level 6. HP: 41/41 MP: 14/14
  3167 | D:4      | Found Daupexan's Distillery.
  3197 | D:4      | Reached skill level 6 in Spellcasting
  3197 | D:4      | Reached skill level 5 in Ice Magic
  3522 | D:4      | Found a shimmering altar of Xom.
  3779 | D:4      | Found Fufu's Book Shop.
  3795 | D:4      | Incinerated by a bombardier beetle

Illustrated notes

Levels and vault maps discovered:
D:1:      mrwooster_arrival_statue_2, layout_basic
D:2:      layout_basic, minmay_fractal_squares_5
D:3:      layout_loops_ring, mainiacjoe_overflow_alcove_4,
          yredelemnul_altar_generic
D:4:      layout_loops_ring, xom_butterflies,
          mainiacjoe_overflow_concentric_impassable, serial_shops, shop,
          nicolae_shop_window_shopping, nicolae_diamond_shop, uniq_pikel

Skill      XL: |  1  2  3  4  5  6 |
---------------+-------------------+-----
Spellcasting   | 3 4 5 6 |  6.4
Ice Magic      | 4 5 |  5.2
Dodging        | |  1.5
Stealth        | |  1.5

Action                     |  1- 3 |  4- 6 || total
---------------------------+-------+-------++-------
  Melee: Unarmed           |    12 |       ||    12
         Dagger            |    15 |    10 ||    25
         Spear             |       |    33 ||    33
   Cast: Freeze            |    66 |    34 ||   100
         Frozen Ramparts   |       |    11 ||    11
         Ozocubu's Armour  |       |     3 ||     3
   Stab: Sleeping          |     2 |     2 ||     4
 Armour: Robe              |    34 |    31 ||    65
  Dodge: Dodged            |    60 |    29 ||    89

Table legend: (Time is in decaauts)
 A = Elapsed time spent in this place.
 B = Non-inter-level travel time spent in this place.
 C = Inter-level travel time spent in this place.
 D = Time resting spent in this place.
 E = Time spent auto-exploring this place.
 F = Levels seen in this place.
 G = Mean time per level.
                   A        B        C        D        E       F      G
               +--------+--------+--------+--------+--------+-----+--------+
         Total |   3799 |   3733 |     66 |    215 |   2920 |   4 |  949.8 |
       Dungeon |   3799 |   3733 |     66 |    215 |   2920 |   4 |  949.8 |
               +--------+--------+--------+--------+--------+-----+--------+

Top non-repeatable levels by time:
     D:2: 1137 daAuts
     D:3: 970 daAuts
     D:1: 963 daAuts
     D:4: 729 daAuts
